 Dungeon Crawl Stone Soup version 0.20-a0-1116-gaa52201 (webtiles) character file.

51 inmateoo the Insei (level 3, 0/29 HPs)
             Began as a Demonspawn Monk on May 8, 2017.
             Was a Believer of Dithmenos.
             Killed by divine providence
             ... invoked by an orc priest
              (13 damage)
             ... on level 3 of the Dungeon.
             The game lasted 00:01:54 (1039 turns).

inmateoo the Insei (Demonspawn Monk)                Turns: 1039, Time: 00:01:55

Health: 0/29       AC:  7    Str: 12    XL:     3   Next: 58%
Magic:  3/3        EV: 11    Int: 11    God:    Dithmenos [**....]
Gold:   91         SH:  0    Dex: 15    Spells: 2/2 levels left

rFire    . . .     SeeInvis .     - Unarmed
rCold    . . .     Gourm    .   (no shield)
rNeg     . . .     Faith    .   l - +0 ring mail (curse)
rPois    .         Spirit   .   k - +0 helmet
rElec    .         Reflect  .   (no cloak)
rCorr    .         Harm     .   (no gloves)
MR       .....                  p - +0 pair of boots
Stlth    +++.......             (no amulet)
Regen    0.1/turn               (no ring)
MPRegen  0.1/turn               (no ring)

@: wreathed by umbra
A: nightstalker 1
a: Shadow Step, Renounce Religion


You were on level 3 of the Dungeon.
You worshipped Dithmenos.
Dithmenos was pleased with you.
You were hungry.

You visited 1 branch of the dungeon, and saw 3 of its levels.

You collected 91 gold pieces.

Inventory:

Hand Weapons
 f - a +0 quarterstaff
Missiles
 c - 49 stones (quivered)
 i - 8 steel javelins
Armour
 k - a +0 helmet (worn)
 l - a cursed +0 ring mail (worn)
 p - a +0 pair of boots (worn)
Scrolls
 a - a scroll of enchant armour {unknown}
 g - a scroll of teleportation {unknown}
 h - a scroll of magic mapping {unknown}
 j - 2 scrolls of identify {unknown}
Potions
 d - a potion of flight {unknown}
 e - a potion of haste {unknown}
 m - a potion of curing {unknown}
 n - a potion of lignification {unknown}
 o - a potion of mutation {unknown}
Comestibles
 b - a bread ration


   Skills:
 + Level 3.0 Fighting
 + Level 2.6 Dodging
 + Level 1.9 Stealth
 * Level 4.1 Unarmed Combat


You had 2 spell levels left.
You didn't know any spells.

Dungeon Overview and Level Annotations

Branches:
Dungeon (3/15)

Altars:
Dithmenos
Vehumet
The Shining One


Innate Abilities, Weirdness & Mutations

You are slightly more attuned to the shadows.


Message History

The orc wizard hits you but does no damage.
The orc priest calls upon Beogh to heal the orc wizard.
The orc wizard is healed somewhat.
You closely miss the orc wizard.
The orc wizard is lightly wounded.
The adder misses you. The orc hits you but does no damage.
The orc priest closely misses you. The orc wizard barely misses you.
The orc priest calls upon Beogh to heal the orc wizard.
The orc wizard's wounds heal themselves!
The adder barely misses you.
You hit the orc priest.
The orc priest is lightly wounded.
The orc wizard misses you. The orc priest hits you. The orc closely misses you.
The adder misses you. The orc wizard barely misses you.
You are too injured to fight recklessly!
The orc priest begins to cast a cantrip, but forgets the words!
The orc barely misses you.
The orc priest mumbles some strange prayers to Beogh against you.
Beogh smites you!
You die...

######.###
.......#...
........#
.........##
.......#
.......#.##
......###......#..#
#..[%.....##.#<...#
#So.......##....#..
#o..%.....##.......
#.oo.<.............
#.@.......#........
#.#......###.....##
#.#.##.#......#....
#.#.##.## ....
#.#.....# ##...
#..##....# ....
##..###..# ###..
##..# ...##......
##.## ...#......


You could see 2 orc priests, an orc wizard, an adder and an orc.

Vanquished Creatures
  2 adders
  2 orcs (D:3)
  6 bats
  3 giant cockroaches
  3 goblins
  4 hobgoblins
  A quokka (D:3)
  5 kobolds
  4 rats
30 creatures vanquished.

Notes
Turn   | Place    | Note
-------+----------+-------------------------------------------
     0 | D:1      | inmateoo the Demonspawn Monk began the quest for the Orb.
     0 | D:1      | Reached XP level 1. HP: 18/18 MP: 1/1
    86 | D:1      | Reached skill level 3 in Unarmed Combat
   154 | D:1      | Gained mutation: You are slightly more attuned to the shadows. [demonic ancestry]
   154 | D:1      | Reached XP level 2. HP: 14/24 MP: 2/2
   753 | D:2      | Found a radiant altar of Vehumet.
   785 | D:3      | Reached XP level 3. HP: 24/29 MP: 3/3
   864 | D:3      | Reached skill level 4 in Unarmed Combat
   867 | D:3      | Found a faded altar of an unknown god.
   887 | D:3      | Became a worshipper of Dithmenos the Shadowed
   887 | D:3      | Reached * piety under Dithmenos
   887 | D:3      | Reached ** piety under Dithmenos
   972 | D:3      | Found a glowing golden altar of the Shining One.
  1039 | D:3      | Killed from afar by an orc priest

Vault maps used:
D:1:      dpeg_arrival_tiny_a, dk_noncrumbling_2
D:2:      vehumet_crystals, minmay_door_square, minmay_curled_crystal
D:3:      nicolae_overflow_hidden_temple,
          chequers_ecumenical_altar_simple_redux, tso_metal_star

Skill      XL: |  1  2  3 |
---------------+----------+-----
Unarmed Combat | 3 4 |  4.1
Fighting       | |  3.0
Dodging        | |  2.6
Stealth        | |  1.9

Action                   || total
-------------------------++-------
Melee: Unarmed           ||   123
       Punch             ||     1
 Stab: Sleeping          ||     5
Armor: Robe              ||     6
       Ring mail         ||    49
Dodge: Dodged            ||    91
